 Dungeon Crawl Stone Soup version 0.30.1-3-gfc49f6343a (webtiles) character file.

Game seed: 620971035711393954

69 spardeous the Chiller (level 3, -1/26 HPs)
             Began as a Demigod Ice Elementalist on July 27, 2023.
             Killed from afar by a white imp (12 damage)
             ... with a puff of frost
             ... on level 3 of the Dungeon.
             The game lasted 00:01:34 (1862 turns).

spardeous the Chiller (Demigod Ice Elementalist)    Turns: 1862, Time: 00:01:34

Health: -1/26      AC:  2    Str:  9    XL:     3   Next: 75%
Magic:  7/8        EV: 12    Int: 23    God:
Gold:   96         SH:  0    Dex: 10    Spells: 4/5 levels left

rFire   . . .        p - +1 whip of Hukoakhi {freeze, rPois Int+2 Dex-4}
rCold   . . .        (no shield)
rNeg    . . .        a - +0 robe
rPois   +            (no helmet)
rElec   .            (no cloak)
rCorr   .            (no gloves)
SInv    .            (no boots)
Will    .....        (no amulet)
Stlth   ++           (no ring)
HPRegen 0.24/turn    (no ring)
MPRegen 0.11/turn

%: no passive effects
@: no status effects
A: high MP 1, forlorn, divine attributes
a: no special abilities


You were on level 3 of the Dungeon.
You visited 1 branch of the dungeon, and saw 3 of its levels.

You collected 96 gold pieces.

Inventory:

Hand Weapons
 f - a +0 sling
 p - the +1 whip of Hukoakhi (weapon) {freeze, rPois Int+2 Dex-4}
   (You found it on level 2 of the Dungeon)

   Int:       It affects your intelligence (+2).
   Dex:       It affects your dexterity (-4).
   rPois:     It protects you from poison.
Armour
 a - a +0 robe (worn)
Jewellery
 l - a ring of willpower
Scrolls
 c - a scroll of poison {unknown}
 e - 3 scrolls of identify {unknown}
 h - a scroll of immolation {unknown}
 i - a scroll of silence {unknown}
 n - a scroll of blinking {unknown}
Potions
 b - a potion of magic
 d - 3 potions of curing {unknown}
 g - a potion of invisibility {unknown}
 j - a potion of flight {unknown}
 k - a potion of haste {unknown}
 m - a potion of ambrosia {unknown}
 o - a potion of heal wounds {unknown}


   Skills:
 - Level 1.7 Dodging
 - Level 1.7 Stealth
 + Level 1.8 Spellcasting
 - Level 5.1 Ice Magic


You had 4 spell levels left.
You knew the following spells:

 Your Spells              Type           Power      Damage    Failure   Level
a - Freeze                Ice            100%       1d10      1%          1

Your spell library contained the following spells:

 Spells                   Type           Power      Damage    Failure   Level
 Frozen Ramparts          Ice            50%        1d8       4%          3
 Ozocubu's Armour         Ice            25%        N/A       4%          3
 Summon Ice Beast         Ice/Summ       13%        N/A       41%         4


Dungeon Overview and Level Annotations

Branches:
Dungeon (3/15)

Shops:
D:1 *


Innate Abilities, Weirdness & Mutations

You have an increased reservoir of magic. (+10% MP)
You shall have no god before yourself.
Your divine heritage dramatically boosts your attributes as you level up.


Message History

You can't see any susceptible monsters within range! (Use Z to cast anyway.)
The white imp closely misses you.
You see here a quokka corpse.
A white imp is nearby!
Casting: Freeze (safe; 1% risk of failure)
Confirm with . or Enter, or press ? or * to list all spells.
Aiming: Freeze (safe; 1% risk of failure)
Press: ? - help, Shift-Dir - straight line, f - white imp
Aim: a white imp You freeze the white imp.
The white imp resists.
The white imp is lightly wounded.
The white imp gestures at you. The puff of frost hits you.
You hit the white imp.
The white imp is heavily wounded.
The white imp shouts, "Scamper away, thou baffled milk-livered foot-licker!"
The white imp gestures at you. The puff of frost hits you!
* * * LOW HITPOINT WARNING * * *
You take 15 damage, and have 11/26 hp.
MASSIVE DAMAGE!!
You are too injured to fight recklessly!
You are too injured to fight recklessly!
You are too injured to fight recklessly!
You are too injured to fight recklessly!
Unknown command.
You are too injured to fight recklessly!
You are too injured to fight recklessly!
You are too injured to fight recklessly!
You are too injured to fight recklessly!
You hit the white imp.
The white imp is severely wounded.
The white imp barely misses you.
You barely miss the white imp.
The white imp is severely wounded.
The white imp barely misses you.
You hit the white imp but do no damage.
The white imp is severely wounded.
The white imp gestures at you. The puff of frost hits you!
You die...

.. .# .. .# #.
.... .#.. #....
##.#. #...###.>.
#........
##...#.#.##
.........@#
#......<#5.#
##.......##.#
............#
#........#......
#.#####.†.......
. ......#####
#....#.#
.........


You could see a white imp.

Vanquished Creatures
  2 dart slugs
  3 orcs (D:2)
  4 ball pythons
  6 bats
  3 endoplasms (D:1)
  2 giant cockroaches (D:2)
  5 goblins (D:2)
  6 hobgoblins (D:2)
  10 jackals
  A quokka (D:3)
  A frilled lizard (D:1)
  4 kobolds
  6 rats
53 creatures vanquished.

Notes
Turn   | Place    | Note
-------+----------+-------------------------------------------
     0 | D:1      | spardeous the Demigod Ice Elementalist began the quest for
                  | the Orb.
     0 | D:1      | Reached XP level 1. HP: 14/14 MP: 5/5
   162 | D:1      | Reached skill level 4 in Ice Magic
   278 | D:1      | Reached XP level 2. HP: 20/20 MP: 7/7
   331 | D:1      | Found Mamos's Assorted Antiques.
  1013 | D:2      | Reached XP level 3. HP: 26/26 MP: 6/8
  1210 | D:2      | Identified the +1 whip of Hukoakhi {freeze, rPois Int+2
                  | Dex-4}
  1378 | D:2      | Reached skill level 5 in Ice Magic
  1862 | D:3      | Killed from afar by a white imp

Illustrated notes

Levels and vault maps discovered:
D:1:      kennysheep_arrival_seaside, layout_rooms, serial_shops,
          nicolae_shop_statue_plus
D:2:      layout_loops_ring, guppyfry_early_orc_mine
D:3:      layout_loops_ring, mainiacjoe_overflow_small_starburst,
          ebering_ecumenical_altar_hall, uniq_crazy_yiuf_cottage, uniq_robin

Skill      XL: |  1  2  3 |
---------------+----------+-----
Ice Magic      | 4 5 |  5.1
Dodging        | |  1.7
Stealth        | |  1.7
Spellcasting   | |  1.8

Action                     || total
---------------------------++-------
  Melee: Unarmed           ||     5
         Whip              ||     4
   Fire: Sling             ||   100
   Cast: Freeze            ||    58
 Armour: Robe              ||    14
  Dodge: Dodged            ||    58
